 Dungeon Crawl Stone Soup version 0.31.0-9-g3a7656b989 (webtiles) character file.

Game seed: 4019913280411338450

518 Aphynety the Magician (level 7, -2/37 HPs)
             Began as a Deep Elf Fire Elementalist on Jan 25, 2024.
             Slain by a lemure (5 damage)
             ... led by Pikel
             ... on level 4 of the Dungeon.
             The game lasted 00:14:19 (3373 turns).

Aphynety the Magician (Deep Elf Fire Elementalist)  Turns: 3373, Time: 00:14:20

Health: -2/37      AC:  3    Str:  5    XL:     7   Next: 1%
Magic:  1/18       EV: 17    Int: 22    God:
Gold:   131        SH:  0    Dex: 15    Spells: 16/19 levels left

rFire   . . .        (no weapon)
rCold   . . .        (no shield)
rNeg    . . .        a - +0 robe
rPois   +            (no helmet)
rElec   .            (no cloak)
rCorr   .            (no gloves)
SInv    .            e - +0 pair of boots
Will    .....        (no amulet)
Stlth   ++           l - +5 ring of evasion
HPRegen 0.26/turn    n - ring of poison resistance
MPRegen 0.16/turn

%: no passive effects
@: no status effects
A: no striking features
a: no special abilities


You were on level 4 of the Dungeon.
You visited 1 branch of the dungeon, and saw 4 of its levels.

You collected 131 gold pieces.

Inventory:

Missiles
 w - 2 throwing nets
Armour
 a - a +0 robe (worn)
 e - a +0 pair of boots (worn)
Jewellery
 l - a +5 ring of evasion (left hand)
 n - a ring of poison resistance (right hand)
 s - a ring of see invisible
Wands
 x - a wand of polymorph (5)
Scrolls
 c - a scroll of amnesia {unknown}
 f - 3 scrolls of teleportation {unknown}
 g - a scroll of enchant armour {unknown}
 h - 4 scrolls of noise {unknown}
 i - 4 scrolls of identify {unknown}
 j - a scroll of vulnerability {unknown}
 k - a scroll of enchant weapon {unknown}
 o - a scroll of torment {unknown}
 p - a scroll of fear {unknown}
 r - a scroll of poison {unknown}
Potions
 b - a potion of magic
 d - a potion of mutation {unknown}
 m - a potion of attraction {unknown}
 q - 2 potions of invisibility {unknown}
 t - 2 potions of enlightenment {unknown}
 u - 2 potions of curing {unknown}
 v - a potion of degeneration {unknown}


   Skills:
 + Level 0.9 Fighting
 + Level 2.6 Dodging
 + Level 3.4 Stealth
 + Level 6.6 Spellcasting
 + Level 2.8 Conjurations
 + Level 5.9 Fire Magic


You had 16 spell levels left.
You knew the following spells:

 Your Spells              Type           Power      Damage    Failure   Level
a - Foxfire               Conj/Fire      100%       2x1d9     1%          1
b - Scorch                Fire           66%        2d7       1%          2

Your spell library contained the following spells:

 Spells                   Type           Power      Damage    Failure   Level
 Inner Flame              Hex/Fire       20%        N/A       8%          3
 Volatile Blastmotes      Fire/Tloc      40%        2d13      8%          3
 Slow                     Hex            28%        N/A       9%          1
 Flame Wave               Conj/Fire      26%        2d8       14%         4
 Confusing Touch          Hex            7%         N/A       26%         3
 Sigil of Binding         Hex            7%         N/A       26%         3
 Vampiric Draining        Necr           7%         2d6       26%         3


Dungeon Overview and Level Annotations

Branches:
Dungeon (4/15)
 Temple: D:4-7

Altars:

Shops:
D:3 (

Annotations:
D:4 3 runed translucent doors, Quickbrownfox's ghost, amateur DsCj


Message History

The lemure is heavily wounded.
You conjure some foxfire!
Quickbrownfox's ghost turns its malevolent gaze towards you.
The lemure hits you!
The foxfire hits the lemure but does no damage.
The lemure is heavily wounded.
The foxfire hits the lemure but does no damage.
The lemure is heavily wounded.
The lemure attacks as it pursues you! The lemure hits you!
* * * LOW HITPOINT WARNING * * *
You are too injured to fight recklessly!
Casting: Foxfire (safe; 1% risk of failure)
Confirm with . or Enter, or press ? or * to list all spells.
You conjure some foxfire!
The lemure barely misses you.
You hit the lemure but do no damage.
The lemure is heavily wounded.
The foxfire hits the lemure.
The lemure is heavily wounded.
The foxfire hits the lemure but does no damage.
The lemure is heavily wounded.
The lemure hits you but does no damage. The lemure attacks as it pursues you!
The lemure hits you but does no damage. The lemure attacks as it pursues you!
The lemure hits you!
* * * LOW HITPOINT WARNING * * *
The lemure attacks as it pursues you! The lemure barely misses you.
You are too injured to fight recklessly!
Casting: Foxfire (safe; 1% risk of failure)
Confirm with . or Enter, or press ? or * to list all spells.
You conjure some foxfire!
The lemure hits you.
* * * LOW HITPOINT WARNING * * *
The foxfire hits the lemure.
The lemure is severely wounded.
The foxfire hits the lemure but does no damage.
The lemure is severely wounded.
The lemure attacks as it pursues you! The lemure misses you.
Casting: Foxfire (safe; 1% risk of failure)
Confirm with . or Enter, or press ? or * to list all spells.
You don't have enough magic to cast this spell.
The lemure attacks as it pursues you! The lemure hits you.
You die...

..##..##....#.g.....#.......##.5.
.#.#..##.#..#.......#.)..#..##.##
###.........+.......#.)#.#..##.#
.#.#.###.#.(+.....W.#..#.......#
#.##.# #.#..+[....$o#.......####
#.##.# #....#.....F.#..###.##
#.##.#####..#....glg#......#
#.##..<.....#########..#####
#.########...)..@5.....# #.#
###.............# #.####
#.....##.##.#..## ††...#
#.....##.##.#.## #.##.#
#.....##......# #.##.#
#.....#####.### #.##.#
#.....#####.####
#.##.##########.......#
...).......# #.......#


You could see a lemure, a bullfrog, an iguana, Quickbrownfox's ghost, an orc and
2 hobgoblins.

Vanquished Creatures
  Sigmund (D:4)
  An ogre (D:4)
  3 lemures (D:4)
  A bombardier beetle (D:3)
  2 hounds (D:4)
  A sleepcap (D:4)
  5 adders
  4 gnolls (D:4)
  5 ribbon worms
  2 orcs (D:3)
  7 ball pythons
  5 endoplasms
  2 giant cockroaches (D:4)
  2 goblins (D:2)
  7 hobgoblins
  4 jackals (D:1)
  4 kobolds
  2 quokkas (D:1)
  A bat (D:3)
  3 frilled lizards
  5 rats
67 creatures vanquished.

Vanquished Creatures (others)
  188 foxfires
188 creatures vanquished.

Grand Total: 255 creatures vanquished

Notes
Turn   | Place    | Note
-------+----------+-------------------------------------------
     0 | D:1      | Aphynety the Deep Elf Fire Elementalist began the quest for
                  | the Orb.
     0 | D:1      | Reached XP level 1. HP: 10/10 MP: 6/6
   305 | D:1      | Reached XP level 2. HP: 15/15 MP: 4/8
   362 | D:1      | Found a faded altar of an unknown god.
   605 | D:1      | Learned a level 2 spell: Scorch
   828 | D:2      | Reached XP level 3. HP: 19/19 MP: 5/10
  1158 | D:2      | You fall into a shaft and drop 1 floor!
  1186 | D:3      | Reached XP level 4. HP: 24/24 MP: 9/11
  1683 | D:3      | Reached skill level 4 in Spellcasting
  2110 | D:3      | Found Qawe's Weapon Shoppe.
  2543 | D:4      | Reached XP level 5. HP: 28/28 MP: 6/13
  2623 | D:4      | Reached skill level 5 in Fire Magic
  2650 | D:4      | Noticed an ogre
  2663 | D:4      | Killed an ogre
  2664 | D:4      | Reached skill level 5 in Spellcasting
  2677 | D:4      | Reached XP level 6. HP: 32/32 MP: 1/16
  2850 | D:4      | Found a runed translucent gate.
  2851 | D:4      | Found a runed translucent gate.
  2851 | D:4      | Noticed Quickbrownfox's ghost (amateur DsCj)
  2852 | D:4      | Found a runed translucent gate.
  3069 | D:4      | Noticed Sigmund
  3094 | D:4      | Killed Sigmund
  3095 | D:4      | Reached skill level 6 in Spellcasting
  3095 | D:4      | Reached XP level 7. HP: 37/37 MP: 7/18
  3373 | D:4      | Slain by a lemure

Illustrated notes

Levels and vault maps discovered:
D:1:      roadster_arrival_rocket_small, layout_loops_cross,
          ebering_ecumenical_altar_box
D:2:      layout_rooms, ebering_dispersal_statue_hall, minmay_misc_feat_chi
D:3:      layout_basic, serial_shops, shop, nicolae_wormholes
D:4:      layout_loops_cross, gammafunk_ghost_split, minmay_misc_feat_columns,
          serial_bayou_pond_b, uniq_pikel, uniq_eustachio, uniq_sigmund

Skill      XL: |  1  2  3  4  5  6 |
---------------+-------------------+-----
Stealth        | 3 |  3.4
Fire Magic     | 4 5 |  5.9
Spellcasting   | 4 5 6 |  6.6
Conjurations   | 2 |  2.8
Fighting       | |  0.9
Dodging        | |  2.6

Action                     |  1- 3 |  4- 6 |  7- 9 || total
---------------------------+-------+-------+-------++-------
  Melee: Unarmed           |       |     1 |     2 ||     3
   Cast: Foxfire           |    45 |    58 |     8 ||   111
         Scorch            |       |    25 |    10 ||    35
 Armour: Robe              |     4 |     3 |    12 ||    19
  Dodge: Dodged            |    11 |    12 |    10 ||    33
